 Dungeon Crawl Stone Soup version 0.28.0-43-g3370ac3207 (webtiles) character file.

Game seed: 9481597619794217886

103063 sanboga the Severer (level 16, -3/107 HPs)
             Began as a Gargoyle Fighter on Mar 30, 2022.
             Was a High Priest of Trog.
             Killed from afar by an oklob plant (29 damage)
             ... with a splash of acid
             ... on level 2 of the Snake Pit.
             The game lasted 00:37:30 (29982 turns).

sanboga the Severer (Gargoyle Fighter)             Turns: 29982, Time: 00:37:32

Health: -3/107     AC: 19    Str: 28    XL:     16   Next: 34%
Magic:  16/16      EV:  6    Int:  9    God:    Trog [*****.]
Gold:   1147       SH: 23    Dex:  9    Spells: 15/15 levels left

rFire   + + +      SeeInvis .   a - +4 broad axe (flame)
rCold   + + .      Faith    .   F - +1 tower shield
rNeg    + + .      Spirit   .   E - +1 plate armour {rF+}
rPois   ∞          Reflect  +   x - +2 helmet
rElec   +          Harm     .   t - scarf {rC+ rF+}
rCorr   .          Rampage  .   J - +2 pair of gloves
Will    +++..                   f - +1 pair of boots of the Everdark {Will++}
Stlth   ..........              h - amulet of reflection
HPRegen 0.27/turn               w - +4 ring of slaying
MPRegen 0.15/turn               b - ring of Johem {*Corrode rPois rF++ rC+ rN+}

@: corroded, on berserk cooldown, flying, slowed, very slow
A: sickness immunity, AC +12, big wings, negative energy resistance 1,
electricity resistance, torment resistance 1, petrification resistance
a: Renounce Religion, Berserk, Trog's Hand, Brothers in Arms


You were on level 2 of the Snake Pit.
You worshipped Trog.
Trog was extremely pleased with you.
You visited 5 branches of the dungeon, and saw 26 of its levels.
You also visited: Sewer.

You collected 2670 gold pieces.
You spent 1523 gold pieces at shops.

Inventory:

Hand Weapons
 a - a +4 broad axe of flaming (weapon)
Armour
 f - the +1 pair of boots of the Everdark (worn) {Will++}
   (You bought it in a shop on level 5 of the Dungeon)

   Will:      It greatly increases your willpower.
 t - a scarf of resistance (worn)
 x - a +2 helmet (worn)
 E - a +1 plate armour of fire resistance (worn)
 F - a +1 tower shield (worn)
 J - a +2 pair of gloves (worn)
Jewellery
 b - the ring of Johem (right hand) {*Corrode rPois rF++ rC+ rN+}
   (You acquired it on level 10 of the Dungeon)

   [ring of positive energy]

   rF:        It greatly protects you from fire.
   rC:        It protects you from cold.
   rPois:     It protects you from poison.
   rN:        It protects you from negative energy.
   *Corrode:  It may corrode you when you take damage.
 h - an amulet of reflection (around neck)
 l - a ring of resist corrosion
 w - a +4 ring of slaying (left hand)
Wands
 c - a wand of digging (6)
 e - a wand of polymorph (4)
 o - a wand of charming (9)
 s - a wand of acid (3)
 u - a wand of mindburst (16)
 y - a wand of iceblast (13)
 B - a wand of flame (22)
 N - a wand of paralysis (11)
Scrolls
 i - 8 scrolls of teleportation
 k - 5 scrolls of fear
 n - 9 scrolls of magic mapping
 p - 4 scrolls of blinking
 q - a scroll of enchant armour
 r - 5 scrolls of fog
 H - 3 scrolls of holy word
 I - 2 scrolls of summoning
 K - 2 scrolls of silence
 O - a scroll of brand weapon
Potions
 d - 5 potions of might
 g - 2 potions of haste
 j - 2 potions of heal wounds
 m - 3 potions of mutation
 z - 3 potions of cancellation
 A - a potion of invisibility
 C - 12 potions of curing
 G - 2 potions of ambrosia
 M - a potion of resistance


   Skills:
 + Level 14.6 Fighting
 * Level 16.9 Axes
 + Level 14.6 Armour
 + Level 14.6 Shields


You had 15 spell levels left.
You didn't know any spells.
Your spell library contained the following spells:

 Spells                   Type           Power      Damage    Failure   Level
 Magic Dart               Conj           0%         1d3       100%        1
 Pain                     Necr           0%         1d4       100%        1
 Call Imp                 Summ           0%         N/A       100%        2
 Ensorcelled Hibernation  Hex/Ice        0%         N/A       100%        2
 Conjure Flame            Conj/Fire      0%         6-21      100%        3
 Gell's Gravitas          Tloc           0%         N/A       100%        3
 Ignite Poison            Fire/Tmut/Pois 0%         N/A       100%        3
 Lesser Beckoning         Tloc           0%         N/A       100%        3
 Mephitic Cloud           Conj/Pois/Air  0%         N/A       100%        3
 Spider Form              Tmut/Pois      0%         N/A       100%        3
 Teleport Other           Tloc           0%         N/A       100%        3
 Anguish                  Hex/Necr       0%         N/A       100%        4
 Hailstorm                Conj/Ice       0%         3d3       100%        4
 Ice Form                 Ice/Tmut       0%         N/A       100%        4
 Passage of Golubria      Tloc           0%         N/A       100%        4
 Sticky Flame             Conj/Fire      0%         2d3       100%        4
 Agony                    Necr           0%         N/A       100%        5
 Excruciating Wounds      Necr           0%         N/A       100%        5
 Silence                  Hex/Air        0%         N/A       100%        5
 Summon Forest            Summ/Tloc      0%         N/A       100%        5
 Summon Mana Viper        Hex/Summ       0%         N/A       100%        5
 Dispersal                Tloc           0%         N/A       100%        6
 Simulacrum               Ice/Necr       0%         N/A       100%        6
 Summon Cactus Giant      Summ           0%         N/A       100%        6
 Disjunction              Tloc           0%         N/A       100%        8
 Lehudib's Crystal Spear  Conj/Erth      0%         10d2      100%        8


Dungeon Overview and Level Annotations

Branches:
Dungeon (15/15)            Temple (1/1) D:6            Lair (6/6) D:11
 Shoals (0/4) Lair:3        Snake (2/4) Lair:3        Slime (0/5) Lair:6
    Orc (2/2) D:9             Elf (0/3) Orc:2        Vaults (0/5) D:14
 Depths (0/4) D:15          Sewer (visited)

Altars:
Ashenzari
Cheibriados
Dithmenos
Elyvilon
Fedhas
Gozag
Hepliaklqana
Kikubaaqudgha
Makhleb
Nemelex Xobeh
Okawaru
Qazlal
Ru
Sif Muna
Trog
Uskayaw
Vehumet
Wu Jian
Xom
Yredelemnul
Zin
The Shining One

Shops:
D:4 ?   D:5 (=[[   D:9 :   D:14 [[*   Orc:1 (   Orc:2 *!(:=??[(   Snake:1 =::
Snake:2 ?*

Annotations:
Snake:2 exclusion: oklob plant


Innate Abilities, Weirdness & Mutations

You are immune to sickness and miasma.
Your stone body is resilient. (AC +12)
You are immune to poison.
Your large and strong wings let you fly.
You resist negative energy. (rN+)
You are resistant to electric shocks. (rElec)
You are resistant to unholy torment.
You are immune to petrification.


Message History

The oklob plant spits acid at you. The splash of acid hits you!
The acid corrodes you!
You hit the oklob plant. You burn the oklob plant.
The oklob plant is heavily damaged.
You hit the oklob plant but do no damage.
The oklob plant is heavily damaged.
The oklob plant spits acid at you. The splash of acid hits you!!
* * * LOW HITPOINT WARNING * * *
The acid corrodes you!
You slash the oklob plant! You burn the oklob plant.
The oklob plant is severely damaged.
You hit the oklob plant but do no damage.
The oklob plant is severely damaged.
The oklob plant spits acid at you.
The splash of acid reflects off an invisible shield around you!
The splash of acid hits the oklob plant.
The oklob plant completely resists.
The oklob plant spits acid at you. The splash of acid hits you!
* * * LOW HITPOINT WARNING * * *
You feel much better.
You hit the oklob plant but do no damage.
The oklob plant is severely damaged.
The oklob plant spits acid at you.
The splash of acid hits you but does no damage.
You hit the oklob plant but do no damage.
The oklob plant is severely damaged.
You hit the oklob plant but do no damage.
The oklob plant is severely damaged.
You hit the oklob plant but do no damage.
The oklob plant is severely damaged.
The oklob plant spits acid at you. The splash of acid hits you!
* * * LOW HITPOINT WARNING * * *
You hit the oklob plant but do no damage.
The oklob plant is severely damaged.
The oklob plant spits acid at you. The splash of acid hits you!!
You die...

#≈....≈#[.............
###......#..............
#>..^....#..............
#>.......')#####........
#>.......#)# ##.......
##......#)#######......
#≈....≈#.##...........
#≈≈≈≈≈≈#.##.....#####.
#P...@P#.##......#####
###########.##...........
#...........##........##.
#..#........##......#####
#..###......##......# ##.
#..##.......##......# #..
#..##..##...##......# #..
#..##..###..##......###..
#..##..# #..##......##...


You could see an oklob plant.

Vanquished Creatures
  A quicksilver ooze (Lair:5)
  Nessos (Orc:2)
  A stone giant (D:15)
  Azrael (Orc:2)
  A bunyip (D:13)
  A fire dragon (D:14)
  A hydra (Lair:5)
  Josephine (Lair:4)
  A salamander tyrant (Snake:2)
  A naga warrior (Snake:2)
  4 boulder beetles
  Harold (Lair:1)
  A rakshasa (D:15)
  3 centaur warriors (D:14)
  2 ogre magi
  6 anacondas
  6 death yaks (Lair:4)
  6 two-headed ogres
  2 tengu warriors (D:15)
  4 orc high priests (Orc:2)
  4 naga sharpshooters
  3 shock serpents
  2 salamander mystics (Snake:2)
  A goliath frog (Lair:4)
  3 sea snakes (Snake:1)
  Pikel (D:9)
  2 naga ritualists (Snake:1)
  2 deep elf pyromancers
  2 orc knights
  2 oklob plants (Snake:2)
  A wolf spider (D:14)
  4 mana vipers
  2 orc sorcerers
  2 ugly things (D:12)
  3 cyclopes
  2 manticores
  5 salamanders (Snake:2)
  20 black mambas
  16 elephants
  4 naga magi
  Maurice (D:13)
  A cane toad (shapeshifter) (D:14)
  2 torpor snails
  10 cane toads
  Joseph (D:9)
  An unseen horror (D:12)
  Maggie (D:8)
  An efreet (D:14)
  9 komodo dragons
  A yaktaur (D:15)
  5 trolls
  A wind drake (Lair:3)
  5 hornets (Lair:6)
  A polar bear (shapeshifter) (D:13)
  7 polar bears
  8 blink frogs
  6 slime creatures
  Grinder (Sewer)
  Sigmund (D:5)
  13 spriggans (Lair:6)
  2 shadows (D:11)
  3 wyverns
  58 yaks
  2 vampires (D:12)
  5 wraiths
  4 fire elementals (Orc:2)
  4 basilisks
  Grum (D:9)
  Menkaure (D:5)
  4 vampire mosquitoes
  3 wargs
  16 nagas
  An acid dragon (D:10)
  A hell hound (Orc:2)
  15 water moccasins
  3 sky beasts
  A swamp drake (D:9)
  17 orc warriors
  2 ice beasts (D:7)
  6 black bears
  A necrophage (Sewer)
  8 ogres
  4 boggarts (Lair:6)
  32 wolves
  A centaur (D:10)
  2 phantoms
  4 lemures (D:9)
  2 kobold brigands
  12 bullfrogs
  4 scorpions
  A water moccasin skeleton (D:5)
  4 killer bees (D:7)
  A wight (Sewer)
  3 howler monkeys (D:11)
  4 electric eels
  5 centaur zombies
  4 hounds
  A bullfrog zombie (D:5)
  5 jellies
  29 orc priests
  2 bullfrog skeletons (D:5)
  2 iguanas
  25 orc wizards
  2 hell rats (Lair:5)
  A killer bee zombie (D:7)
  A howler monkey zombie (D:9)
  2 gnolls (D:8)
  7 river rats (Lair:5)
  6 adders
  2 shadow imps (Sewer)
  2 white imps
  4 ufetubi
  An adder zombie (Sewer)
  2 worms (D:2)
  A dart slug (D:3)
  62 orcs
  2 ball pythons
  A bat zombie (Sewer)
  9 endoplasms
  7 giant cockroaches
  9 goblins
  11 hobgoblins
  19 kobolds
  2 quokkas (D:3)
  8 bats
  3 frilled lizards
  4 kobold zombies (Sewer)
  7 rats
  A spectral orc (D:9)
683 creatures vanquished.

Vanquished Creatures (collateral kills)
  A tengu warrior (D:12)
1 creature vanquished.

Vanquished Creatures (others)
  An orc warrior (D:9)
  An orc wizard (D:6)
  A bush (Lair:6)
  30 fungi
  46 plants
79 creatures vanquished.

Grand Total: 763 creatures vanquished

Notes
Turn   | Place    | Note
-------+----------+-------------------------------------------
     0 | D:1      | sanboga the Gargoyle Fighter began the quest for the Orb.
     0 | D:1      | Reached XP level 1. HP: 14/14 MP: 1/1
    42 | D:1      | Reached skill level 2 in Axes
    46 | D:1      | Reached XP level 2. HP: 9/19 MP: 2/2
   720 | D:2      | Reached XP level 3. HP: 23/23 MP: 3/3
   849 | D:2      | Found a faded altar of an unknown god.
  1031 | D:2      | Reached XP level 4. HP: 25/29 MP: 4/4
  1306 | D:2      | Reached skill level 3 in Axes
  1595 | D:3      | Found a glowing drain.
  1600 | Sewer    | Entered a sewer
  1707 | Sewer    | Reached XP level 5. HP: 33/33 MP: 5/5
  1755 | Sewer    | Found an ancient bone altar of Kikubaaqudgha.
  1755 | Sewer    | Noticed a kobold brigand
  1796 | Sewer    | Killed a kobold brigand
  1811 | Sewer    | Noticed Grinder
  1818 | Sewer    | Paralysed by Grinder for 4 turns
  1829 | Sewer    | Paralysed by Grinder for 2 turns
  1848 | Sewer    | Killed Grinder
  1849 | Sewer    | Reached skill level 4 in Axes
  1849 | Sewer    | Reached XP level 6. HP: 29/39 MP: 6/6
  1876 | Sewer    | Noticed a necrophage
  1895 | Sewer    | Killed a necrophage
  1896 | Sewer    | Reached XP level 7. HP: 21/44 MP: 7/7
  1997 | Sewer    | Identified the +1 ring mail "Deusajen" {Str+2}
  2476 | D:3      | Found an ornate altar of the Wu Jian Council.
  2608 | D:3      | Found an iron altar of Okawaru.
  2609 | D:3      | Found a glowing silver altar of Zin.
  2612 | D:3      | Found an opulent altar of Gozag.
  2763 | D:4      | Reached skill level 5 in Fighting
  2792 | D:4      | Reached skill level 5 in Armour
  2792 | D:4      | Reached skill level 5 in Shields
  2965 | D:4      | Reached skill level 5 in Axes
  3116 | D:4      | Found Igryba's Magic Scroll Emporium.
  3122 | D:4      | Bought a scroll of magic mapping for 38 gold pieces
  3122 | D:4      | Bought a scroll of enchant weapon for 82 gold pieces
  4094 | D:5      | Entered Level 5 of the Dungeon
  4094 | D:5      | Found Myvingum's Jewellery Emporium.
  4117 | D:5      | Reached XP level 8. HP: 50/50 MP: 8/8
  4140 | D:5      | Found Woin Ededo's Weapon Emporium.
  4467 | D:5      | Noticed Menkaure
  4475 | D:5      | Killed Menkaure
  4476 | D:5      | Reached skill level 6 in Axes
  4556 | D:5      | Found Hautun's Antique Armour Shop.
  4651 | D:5      | Found Nowkoeme's Armour Boutique.
  4651 | D:5      | Noticed Sigmund
  4666 | D:5      | Killed Sigmund
  4690 | D:5      | Found a radiant altar of Vehumet.
  4796 | D:5      | Reached XP level 9. HP: 56/56 MP: 9/9
  4923 | D:5      | Found a hazy altar of Hepliaklqana.
  4924 | D:5      | Found a shimmering altar of Xom.
  4925 | D:5      | Noticed a spectral ugly thing
  5045 | D:6      | Reached skill level 7 in Axes
  5278 | D:6      | Found a snail-covered altar of Cheibriados.
  5313 | D:6      | Found a staircase to the Ecumenical Temple.
  5353 | Temple   | Entered the Ecumenical Temple
  5793 | D:5      | Bought a glowing helmet for 195 gold pieces
  6348 | D:7      | Noticed a troll
  6368 | D:7      | Killed a troll
  6473 | D:7      | Noticed a cyclops
  6480 | D:7      | Killed a cyclops
  6481 | D:7      | Reached skill level 8 in Axes
  6657 | D:7      | Reached XP level 10. HP: 63/63 MP: 10/10
  7600 | D:8      | Found a shadowy altar of Dithmenos.
  7605 | D:8      | Noticed Maggie
  7630 | D:8      | Killed Maggie
  7631 | D:8      | Reached skill level 9 in Axes
  8401 | D:9      | Found Seum's Book Boutique.
  8435 | D:9      | Noticed Joseph
  8449 | D:9      | Killed Joseph
  8579 | D:9      | Noticed Grum
  8590 | D:9      | Reached XP level 11. HP: 56/69 MP: 11/11
  8594 | D:9      | Killed Grum
  8686 | D:9      | Noticed Pikel
  8700 | D:9      | Killed Pikel
  8701 | D:9      | Reached skill level 10 in Axes
  8882 | D:9      | Found a basalt altar of Yredelemnul.
  9571 | D:9      | Found a staircase to the Orcish Mines.
  9899 | D:10     | Entered Level 10 of the Dungeon
  9900 | D:10     | Identified a scroll of acquirement
  9900 | D:10     | Acquired the ring of Johem {*Corrode rPois rF++ rC+ rN+}
  9939 | D:10     | Found a bloodstained altar of Trog.
  9939 | D:10     | Found a broken altar of Ashenzari.
 10037 | D:10     | Became a worshipper of Trog the Wrathful
 10675 | D:11     | Found an ornate altar of the Wu Jian Council.
 10708 | D:11     | Found a staircase to the Lair.
 11375 | D:11     | Noticed a two-headed ogre
 11386 | D:11     | Killed a two-headed ogre
 11387 | D:11     | Reached skill level 11 in Axes
 11779 | Orc:1    | Entered Level 1 of the Orcish Mines
 11804 | Orc:1    | Noticed an orc knight
 11929 | D:9      | Killed an orc knight
 11942 | Orc:1    | Noticed an orc sorcerer
 11949 | Orc:1    | Killed an orc sorcerer
 11962 | Orc:1    | Reached * piety under Trog
 12030 | Orc:1    | Reached XP level 12. HP: 73/77 MP: 12/12
 12035 | Orc:1    | Reached skill level 10 in Fighting
 12117 | Orc:2    | Entered Level 2 of the Orcish Mines
 12117 | Orc:2    | Noticed Nessos
 12124 | Orc:2    | Killed Nessos
 12125 | Orc:2    | Reached skill level 10 in Armour
 12125 | Orc:2    | Reached skill level 10 in Shields
 12841 | D:12     | Noticed a boulder beetle
 12854 | D:12     | Killed a boulder beetle
 12960 | D:12     | Reached ** piety under Trog
 13392 | D:12     | Noticed a tengu warrior
 13399 | D:12     | Killed a tengu warrior
 13400 | D:12     | Reached skill level 12 in Axes
 13619 | D:5      | Bought a shiny plate armour for 676 gold pieces
 14211 | D:13     | Noticed a boulder beetle
 14222 | D:13     | Killed a boulder beetle
 14394 | D:13     | Noticed Maurice
 14413 | D:13     | Killed Maurice
 14454 | D:13     | Noticed a six-headed hydra
 14458 | D:13     | Noticed a bunyip
 14458 | D:13     | a six-headed hydra changed into a bunyip
 14466 | D:13     | Killed a bunyip
 14877 | D:14     | Noticed a centaur warrior
 14877 | D:14     | Noticed a fire dragon
 14891 | D:14     | Killed a centaur warrior
 14895 | D:14     | Killed a fire dragon
 14919 | D:14     | Reached XP level 13. HP: 34/84 MP: 13/13
 15147 | D:14     | Found Tyxoabb's Armour Shop.
 15163 | D:14     | Found Goarame's General Store.
 15433 | D:14     | Reached skill level 13 in Axes
 15572 | D:14     | Found a gate to the Vaults.
 15603 | D:14     | Found Ovacafir's Antique Armour Emporium.
 15787 | D:15     | Entered Level 15 of the Dungeon
 15833 | D:15     | Paralysed by an ogre mage for 4 turns
 15841 | D:15     | Paralysed by something for 5 turns
 16414 | D:5      | Bought the +1 pair of boots of the Everdark {Will++} for
                  | 273 gold pieces
 16735 | D:15     | Noticed a rakshasa
 16749 | D:15     | Killed a rakshasa
 17173 | D:15     | Found a staircase to the Depths.
 17173 | D:15     | Noticed a stone giant
 17181 | D:15     | Killed a stone giant
 17346 | D:15     | Found a shimmering blue altar of Sif Muna.
 17654 | Lair:1   | Entered Level 1 of the Lair of Beasts
 17693 | Lair:1   | Reached *** piety under Trog
 17996 | Lair:1   | Noticed Harold
 18006 | Lair:1   | Killed Harold
 19351 | Lair:3   | Reached skill level 14 in Axes
 19351 | Lair:3   | Gained mutation: Your large and strong wings let you fly.
                  | [Gargoyle growth]
 19351 | Lair:3   | Reached XP level 14. HP: 74/92 MP: 14/14
 19787 | Lair:3   | Found a staircase to the Snake Pit.
 19831 | Lair:3   | Found a staircase to the Shoals.
 19844 | Lair:3   | Reached **** piety under Trog
 20891 | Lair:4   | Noticed Josephine
 20900 | Lair:4   | Killed Josephine
 22393 | Lair:5   | Reached skill level 15 in Axes
 22621 | Lair:5   | Noticed a quicksilver ooze
 22621 | Lair:5   | a seven-headed hydra changed into a quicksilver ooze
 22628 | Lair:5   | Killed a quicksilver ooze
 23694 | Lair:6   | Entered Level 6 of the Lair of Beasts
 23825 | Lair:6   | Reached XP level 15. HP: 91/99 MP: 15/15
 23829 | Lair:6   | Reached ***** piety under Trog
 24080 | Lair:6   | Found a staircase to the Slime Pits.
 24201 | Lair:6   | Received a gift from Trog
 25331 | Orc:2    | Found Aderod's Antique Armour Emporium.
 25606 | Orc:1    | Found Ilelugh's Weapon Boutique.
 25791 | Orc:2    | Found Hoirur's Magic Scroll Boutique.
 25791 | Orc:2    | Found Raisepes's Jewellery Shop.
 25792 | Orc:2    | Found Peutan's Book Shop.
 25796 | Orc:2    | Found Numof's Magic Scroll Boutique.
 25800 | Orc:2    | Bought a scroll of enchant weapon for 90 gold pieces
 25817 | Orc:2    | Found Bigeunwe's Weapon Shoppe.
 26004 | Orc:2    | Found Zeruodik's General Store.
 26012 | Orc:2    | Found a staircase to the Elven Halls.
 26018 | Orc:2    | Found Beusm's Distillery.
 26026 | Orc:2    | Bought a potion of heal wounds for 65 gold pieces
 26026 | Orc:2    | Bought a potion of mutation for 104 gold pieces
 26043 | Orc:2    | Noticed Azrael
 26049 | Orc:2    | Reached skill level 16 in Axes
 26061 | Orc:2    | Killed Azrael
 26293 | Orc:2    | Found Ykoagenu's Weapon Emporium.
 26896 | Snake:1  | Entered Level 1 of the Snake Pit
 26897 | Snake:1  | Found a transporter.
 26963 | Snake:1  | Found a broken altar of Ashenzari.
 27163 | Snake:1  | Received a gift from Trog
 27559 | Snake:1  | Found Ujias's Jewellery Shoppe.
 27559 | Snake:1  | Found Fewumip's Book Shop.
 27571 | Snake:1  | Found Maceotuh's Book Shop.
 27991 | Snake:1  | Found a transporter.
 28158 | Snake:1  | Reached XP level 16. HP: 84/106 MP: 16/16
 28272 | Snake:1  | Identified the amulet "Sogeow" {Spirit Str+4 Int+2 Dex-2}
 28283 | Snake:1  | Identified the amulet "Raota" {Faith +Inv rPois MP+9 Str-5}
 29086 | Snake:2  | Found Zicraame's General Store.
 29090 | Snake:2  | Found Heqeby Jimm's Magic Scroll Emporium.
 29982 | Snake:2  | Killed from afar by an oklob plant

Illustrated notes

Levels and vault maps discovered:
D:1:      scummos_arrival_star, layout_rooms, chequers_arboretum
D:2:      minmay_recursive_quarters, layout_rooms,
          hellmonk_ecumenical_altar_zigzags, minmay_misc_feat_more_columns,
          minmay_misc_feat_five, minmay_heptomino_h4
D:3:      layout_basic, mainiacjoe_overflow_alcove_4,
          chequers_temple_overflow_statue_of_worship, gup_sewer_entry_bowl
D:4:      layout_layer_cave, serial_shops, shop
D:5:      layout_basic, regret_index_temple_of_mockery, vehumet_crystals,
          serial_shops, nicolae_shop_bloodbath_and_beyond, shop,
          nicolae_shop_waterfront, shop, uniq_menkaure, uniq_sigmund
D:6:      layout_loops_ring, old_standard_altar, minmay_temple_entry_offerings
D:7:      nzn_winding_woodlands_three_and_one
          [nzn_winding_woodlands_5x15_crooked,
          nzn_winding_woodlands_5x15_longhouse,
          nzn_winding_woodlands_5x15_lazy_stream,
          nzn_winding_woodlands_center_diamonds], layout_basic
D:8:      layout_loops_cross, grunt_dithmenos_smoke_and_mirrors, uniq_maggie
D:9:      layout_roguey, yredelemnul_forgotten_temple_becter, erik_orc_1,
          serial_shops, nicolae_inconvenience_store, roderic_lattice_a,
          uniq_joseph, uniq_pikel, uniq_grum
D:10:     layout_irregular_city, mainiacjoe_overflow_catwalk_spiral
D:11:     layout_irregular_city, lair_entry_dummy, minmay_curled_crystal,
          nzn_wu_jian_contemplation
D:12:     layout_small_grid
D:13:     layout_roguey, uniq_maurice
D:14:     layout_basic, david_vaults_2, serial_shops, nicolae_stop_n_shop_1,
          shop_fountains, shop, hangedman_decor_diamond_cutter
D:15:     grunt_enter_depths_snipers, layout_loops_cross, nrook_mini_vaults,
          led_sif_pool
Temple:   jpeg_temple_alley_garden
Lair:1:   layout_cave_pods, beast_lair_carwin_2, uniq_harold
Lair:2:   layout_regular_city, serial_bayou_crossing, serial_bayou_shore_b,
          grunt_megastairs_4, serial_bayou_shore_b
Lair:3:   layout_layer_cave, minmay_shoals_entry_beasts,
          minmay_snake_entry_guardpost_medium, hibernation_bobbens,
          lemuel_fruit_tree, grunt_megastairs_2, infiniplex_staircase_pool_2,
          serial_bayou_shore_b, serial_bayou_shore_b
Lair:4:   layout_roguey, infiniplex_staircase_pool, uniq_josephine
Lair:5:   layout_hall_layers, kennysheep_rathole, grunt_megastairs_3,
          serial_bayou_shore_b
Lair:6:   minmay_lair_end_enchanted_forest, layout_misc_corridors,
          nicolae_slime_entry_slimehenge
Snake:1:  gammafunk_its_a_trap, layout_onion, basic_altar, serial_bayou_shore_a,
          minmay_shop_grove
Snake:2:  dpeg_oklob_gauntlet, layout_onion, serial_bayou_shore_b,
          minmay_shop_star, grunt_megastairs_5
Orc:1:    layout_diamond_mine, serial_shops, nicolae_shop_stone
Orc:2:    st_orc_mages, layout_caves, serial_shops, nicolae_shop_trees,
          nicolae_shop_overgrown_old_shop, shop, shop, shop_statue, uniq_nessos,
          uniq_azrael

Skill      XL: |  1  2  3  4  5  6  7  8  9 10 11 12 13 14 15 |
---------------+----------------------------------------------+-----
Axes           | 2 3 4 5 6 8 9 11 12 14 15 16 | 16.9
Fighting       | 4 5 6 7 8 9 11 12 13 14 | 14.6
Shields        | 4 5 6 7 8 9 11 12 13 14 | 14.6
Armour         | 4 5 6 7 8 9 11 12 13 14 | 14.6

Action                   |  1- 3 |  4- 6 |  7- 9 | 10-12 | 13-15 | 16-18 || total
-------------------------+-------+-------+-------+-------+-------+-------++-------
Melee: War axe           |   111 |   168 |   351 |   596 |   703 |       ||  1929
       Broad axe         |       |       |       |       |   368 |   130 ||   498
Invok: Berserk           |       |       |       |     1 |     6 |     2 ||     9
Evoke: Wand              |       |       |       |     2 |    16 |       ||    18
  Use: Scroll            |       |     4 |     4 |    14 |     8 |       ||    30
       Potion            |       |     2 |     1 |     5 |     1 |     2 ||    11
 Stab: Confused          |       |       |       |     1 |       |       ||     1
Armor: Scale mail        |    73 |    62 |    75 |       |       |       ||   210
       Chain mail        |       |       |    87 |    85 |       |       ||   172
       Plate armour      |       |       |       |   236 |   545 |    56 ||   837
Dodge: Dodged            |    79 |    86 |   157 |   218 |   123 |    13 ||   676
Block: Buckler           |    21 |    84 |   169 |    69 |       |       ||   343
       Reflection        |       |     1 |     3 |    15 |    30 |    21 ||    70
       Tower shield      |       |       |       |   571 |  1239 |   166 ||  1976
